[Event "*** SCC Grand Prix: Titled Tuesday Blitz"]
[Site "Chess.com"]
[Date "2020.06.09"]
[Round "6"]
[White "MusicCityMaster"]
[Black "bmt011"]
[Result "1-0"]
[WhiteElo "2330"]
[BlackElo "2117"]
[TimeControl "180+1"]
[EndTime "10:05:48 PDT"]
[Termination "MusicCityMaster won by resignation"]

1. e4 e6 2. d4 d5 3. Nc3 Nf6 4. e5 Nfd7 5. Nce2 c5 6. c3 Nc6 7. Nf3 f6 8. Nf4 cxd4 9. Nxe6 Qb6 10. cxd4 fxe5 11. dxe5 Ndxe5 12. Nxe5 Nxe5 13. Qh5+ Ng6 14. Bb5+ Bd7 15. Bxd7+ Kxd7 16. Qxd5+ Qd6 17. Nxf8+ Rhxf8 18. Qxb7+ Ke6 19. O-O Ne5 20. Re1 Rab8 21. Qe4 Rb4 22. Qe2 Rbf4 23. Bxf4 1-0

[Event "*** SCC Grand Prix: Titled Tuesday Blitz"]
[Site "Chess.com"]
[Date "2020.06.09"]
[Round "6"]
[White "TST2014"]
[Black "FrogMist"]
[Result "0-1"]
[WhiteElo "2522"]
[BlackElo "2381"]
[TimeControl "180+1"]
[EndTime "10:05:51 PDT"]
[Termination "FrogMist won by resignation"]

1. d4 Nf6 2. c4 e6 3. Nf3 d5 4. Nc3 Bb4 5. e3 O-O 6. a3 Bxc3+ 7. bxc3 b6 8. a4 Ba6 9. Qb3 Nc6 10. cxd5 Na5 11. Qa2 Bxf1 12. Kxf1 exd5 13. Ba3 Re8 14. Ke2 Qc8 15. Qc2 Ne4 16. Rhc1 Qa6+ 17. Ke1 c5 18. Qe2 Qxe2+ 19. Kxe2 Nb3 20. Rab1 Nxc1+ 21. Rxc1 cxd4 22. cxd4 Rac8 23. Nd2 Rxc1 24. Bxc1 Nc3+ 25. Kd3 Nxa4 26. Ba3 Rc8 27. Nb1 a5 28. f3 b5 29. Bd6 Nb2+ 30. Ke2 Rc2+ 31. Ke1 Rc1+ 32. Kd2 Rxb1 33. Kc2 Nc4 34.
Kxb1 Nxd6 35. Kc2 Nc4 36. Kd3 f5 37. e4 fxe4+ 38. fxe4 dxe4+ 39. Kxe4 Kf7 40. Kd5 a4 41. Ke4 Ke6 42. d5+ Kd6 43. Kd4 Nb6 44. g4 Nxd5 45. h4 a3 46. g5 a2 47. h5 a1=Q+ 48. Ke4 Qe5+ 0-1

[Event "*** SCC Grand Prix: Titled Tuesday Blitz"]
[Site "Chess.com"]
[Date "2020.06.09"]
[Round "6"]
[White "politeplayer"]
[Black "Ariadna_Atreides"]
[Result "1-0"]
[WhiteElo "2274"]
[BlackElo "1956"]
[TimeControl "180+1"]
[EndTime "10:05:51 PDT"]
[Termination "politeplayer won on time"]

1. e4 c5 2. Nf3 d6 3. d4 cxd4 4.
Qxd4 Nf6 5. Nc3 Nc6 6. Bb5 Bd7 7. Bxc6 Bxc6 8. Bg5 e6 9. O-O-O Be7 10. Rhe1 Qc7 11. Bxf6 gxf6 12. Qd2 b5 13. Kb1 h5 14.
Nd4 a6 15. Nxc6 Qxc6 16. Re3 O-O-O 17. Rd3 Kb7 18. a3 h4 19. h3 Rh5 20. f3 Rc5 21. Ne2 d5 22. Nd4 Qd7 23. Nb3 Rc7 24. exd5 exd5 25.
Rxd5 Qxd5 26. Qxd5+ Rxd5 27. Rxd5 Kb6 28. Rf5 Rc4 29. c3 a5 30. Nd4 1-0

[Event "*** SCC Grand Prix: Titled Tuesday Blitz"]
[Site "Chess.com"]
[Date "2020.06.09"]
[Round "6"]
[White "Kopytkin"]
[Black "woodhy"]
[Result "0-1"]
[WhiteElo "2333"]
[BlackElo "2461"]
[TimeControl "180+1"]
[EndTime "10:05:53 PDT"]
[Termination "woodhy won on time"]

1. e4 e6 2. d4 d5 3. e5 c5 4. c3 Nc6 5. Nf3 Qb6 6. a3 a5 7. Bd3 Bd7 8. dxc5 Bxc5 9. O-O a4 10. Nbd2 Nge7 11. b4 axb3 12. Nxb3 Ng6 13. Nxc5 Qxc5 14. Be3 Qxc3 15. Rc1 Qxa3 16. Bc5 Qa4 17. Ra1 Qxa1 18. Qxa1 Rxa1 19. Rxa1 Bc8 20. Ra8 Kd7 21. Bd6 f6 22. Bb5 Re8 23. Bb8 fxe5 24. Nxe5+ Nxe5 25. Bxe5 g5 26.
g3 g4 27. Kg2 Rf8 28. Ra4 h5 0-1

[Event "*** SCC Grand Prix: Titled Tuesday Blitz"]
[Site "Chess.com"]
[Date "2020.06.09"]
[Round "6"]
[White "MoonlighT89"]
[Black "GaboSalazar2001"]
[Result "1-0"]
[WhiteElo "2573"]
[BlackElo "2273"]
[TimeControl "180+1"]
[EndTime "10:05:54 PDT"]
[Termination "MoonlighT89 won by resignation"]

1. e4 c5 2. Nc3 a6 3. Nf3 e6 4. d4 cxd4 5. Nxd4 d6 6. g4 Nf6 7.
g5 Nfd7 8. Bg2 b5 9. f4 Bb7 10. O-O Nc5 11. a3 Be7 12. Qg4 Nc6 13. Nxc6 Bxc6 14. Be3 Qc7 15. f5 Bd7 16. Rad1 Rc8 17. Bd4 e5 18. Be3 Bc6 19. Bxc5 dxc5 20. Nd5 Bxd5 21.
Rxd5 f6 22. Qh5+ Kf8 23. Rfd1 Rd8 24. R1d2 fxg5 25. Qd1 Kf7 26. Rd7 Qc6 27. Rxd8 Bxd8 28.
Rxd8 1-0

[Event "*** SCC Grand Prix: Titled Tuesday Blitz"]
[Site "Chess.com"]
[Date "2020.06.09"]
[Round "6"]
[White "CHESSMASTER759"]
[Black "Nikithebest"]
[Result "1-0"]
[WhiteElo "2606"]
[BlackElo "2444"]
[TimeControl "180+1"]
[EndTime "10:05:56 PDT"]
[Termination "CHESSMASTER759 won by resignation"]

1. e4 c5 2. Nf3 d6 3. d4 cxd4 4. Nxd4 Nf6 5. Nc3 g6 6. Be3 a6 7. f3 b5 8. Qd2 Bb7 9. O-O-O Nbd7 10. Kb1 Rc8 11. a3 Bg7 12. h4 h5 13. Nde2 Ne5 14.
Nf4 Nc4 15. Bxc4 Rxc4 16. e5 Nd7 17. e6 Nc5 18. exf7+ Kxf7 19. Nce2 Na4 20. Qd3 Rh6 21.
Bc1 Qa5 22. Nh3 Kg8 23. b3 Nc3+ 24. Nxc3 Rxc3 25. Qe2 b4 26. Qe6+ Kh8 27. a4 Qc7 28. Bxh6 Bxh6 29. Qxg6 Bg7 30. Ng5 Kg8 31. Qf7+ Kh8 32.
Qxh5+ Kg8 33. Qf7+ Kh8 34. Qe8+ 1-0

[Event "*** SCC Grand Prix: Titled Tuesday Blitz"]
[Site "Chess.com"]
[Date "2020.06.09"]
[Round "6"]
[White "BikingBrian"]
[Black "MateSchmate"]
[Result "0-1"]
[WhiteElo "2301"]
[BlackElo "2435"]
[TimeControl "180+1"]
[EndTime "10:05:56 PDT"]
[Termination "MateSchmate won by resignation"]

1. d4 e6 2. e4 d5 3. Nd2 a6 4.
c3 c5 5. exd5 Qxd5 6. Ngf3 Nc6 7.
Bc4 Qd8 8. O-O b5 9. Bb3 cxd4 10. cxd4 Nxd4 11. Ne4 Nxb3 12. Qxb3 Bb7 13. Bg5 Be7 14. Rfd1 Bxe4 15. Rxd8+ Rxd8 16. Bxe7 Nxe7 17. Rd1 O-O 18. Ng5 Bd5 19. Qh3 h6 20. Nf3 Bxa2 21. Ra1 Bc4 22. Ne5 Rd2 23. Nxc4 bxc4 24. Qc3 Rfd8 25. g3 Nf5 26. Rxa6 Nd4 27. Qxc4 Rxb2 28. Qc7 Nf3+ 29. Kg2 Ne1+ 30. Kh3 Rd5 31. Ra7 Rxf2 32. g4 Rd3+ 33. Kh4 Rxh2+ 34. Qxh2 Nf3+ 35. Kg3 Nxh2+ 36. Kxh2 g5 37. Rc7 Kg7 38. Rc4 Kg6 39. Re4 h5 40. gxh5+ Kxh5 0-1

[Event "*** SCC Grand Prix: Titled Tuesday Blitz"]
[Site "Chess.com"]
[Date "2020.06.09"]
[Round "6"]
[White "blitzcopter"]
[Black "PetrolulSah"]
[Result "1-0"]
[WhiteElo "2082"]
[BlackElo "2234"]
[TimeControl "180+1"]
[EndTime "10:05:57 PDT"]
[Termination "blitzcopter won by checkmate"]

1. e4 e5 2. Bc4 Nf6 3. d3 Bc5 4.
Nc3 O-O 5. f4 Bxg1 6. Rxg1 d5 7.
exd5 Bg4 8. Qd2 exf4 9. Qxf4 Re8+ 10. Kf2 Nbd7 11. h3 Bh5 12. Bd2 Ne5 13. Rge1 Ng6 14. Qd4 c5 15. Qxc5 Rc8 16. Qd4 Qd6 17. Kg1 a6 18. Ne4 Nxe4 19. Rxe4 Rxe4 20. Qxe4 Qb6+ 21.
Kh2 Qxb2 22. Re1 Qxc2 23. Bb4 h6 24. d6 Nf8 25. Qe5 Bf3 26. Qg3 Bc6 27. Re7 Be8 28. Qe5 Bc6 29. Bxf7+ Kh8 30. Bd5 Qxd3 31. Qxg7# 1-0

[Event "*** SCC Grand Prix: Titled Tuesday Blitz"]
[Site "Chess.com"]
[Date "2020.06.09"]
[Round "6"]
[White "Shtembuliak"]
[Black "abhidabhi"]
[Result "1-0"]
[WhiteElo "2857"]
[BlackElo "2725"]
[TimeControl "180+1"]
[EndTime "10:05:59 PDT"]
[Termination "Shtembuliak won by resignation"]

1. c4 c5 2. Nf3 Nf6 3. Nc3 d5 4.
cxd5 Nxd5 5. e3 Nxc3 6. dxc3 Qxd1+ 7. Kxd1 Nc6 8. e4 Bd7 9. Be3 e6 10. Nd2 Be7 11. a4 Na5 12. Bb5 a6 13. Bxd7+ Kxd7 14. Kc2 b5 15. Rhd1 Kc6 16. axb5+ axb5 17. b3 Nb7 18.
Nf3 f6 19. e5 h5 20. b4 Rhd8 21. Rxd8 Rxa1 22. Rc8+ Kd7 23. Rg8 cxb4 24. Rxg7 b3+ 25. Kxb3 Ke8 26. exf6 Na5+ 27. Kb2 Bxf6 28. Rg6 Bxc3+ 29.
Kxc3 Rb1 30. Rxe6+ Kd7 31. Rb6 Rb3+ 32. Kc2 1-0

[Event "*** SCC Grand Prix: Titled Tuesday Blitz"]
[Site "Chess.com"]
[Date "2020.06.09"]
[Round "6"]
[White "mjray79"]
[Black "Margarita2907"]
[Result "0-1"]
[WhiteElo "2296"]
[BlackElo "2067"]
[TimeControl "180+1"]
[EndTime "10:05:59 PDT"]
[Termination "Margarita2907 won by resignation"]

1. d4 d5 2. c4 e6 3. Nf3 Nf6 4. g3 Be7 5. Bg2 O-O 6. O-O c6 7. Qc2 b6 8. b3 Bb7 9. Bb2 Na6 10.
a3 Rc8 11. Nc3 c5 12. cxd5 cxd4 13. Nxd4 Nxd5 14. Qd2 Nc5 15. b4 Nxc3 16. Qxc3 Bxg2 17. Kxg2 Na4 18. Qb3 Nxb2 19. Qxb2 Bf6 20. Rad1 Qd5+ 21. Kg1 Rfd8 22. e3 Qe4 23. Rc1 Rxc1 24. Rxc1 h6 25. Rd1 e5 0-1

[Event "*** SCC Grand Prix: Titled Tuesday Blitz"]
[Site "Chess.com"]
[Date "2020.06.09"]
[Round "6"]
[White "Gennady_Kozlov"]
[Black "imdvb6307"]
[Result "1-0"]
[WhiteElo "2563"]
[BlackElo "2396"]
[TimeControl "180+1"]
[EndTime "10:06:02 PDT"]
[Termination "Gennady_Kozlov won on time"]

1. b3 e5 2. Bb2 Nc6 3. e3 Nf6 4. Bb5 Bd6 5. Nf3 Qe7 6. d4 Bb4+ 7. c3 exd4 8. Bxc6 dxc3 9. Bxd7+ Qxd7 10. Qxd7+ Bxd7 11.
Bxc3 Nd5 12. Bxb4 Nxb4 13. Na3 O-O-O 14. O-O f6 15. Rfc1 Kb8 16. Rc4 Nd3 17. Nd4 c5 18.
Nf3 Be6 19. Rc3 b6 20. h3 Nb4 21. Nc4 Rd7 22. a3 Nc6 23. b4 b5 24. Ncd2 c4 25. a4 a6 26. axb5 axb5 27. Ne4 Bd5 28. Nc5 Rdd8 29. Rca3 Ne7 30. Nd4 Bc6 31. Ra7 Rxd4 32.
exd4 Nd5 33. Rxg7 Nxb4 34. Na6+ Nxa6 35. Rxa6 1-0

[Event "*** SCC Grand Prix: Titled Tuesday Blitz"]
[Site "Chess.com"]
[Date "2020.06.09"]
[Round "6"]
[White "GMJustin"]
[Black "parnali1611"]
[Result "1-0"]
[WhiteElo "2302"]
[BlackElo "2037"]
[TimeControl "180+1"]
[EndTime "10:06:02 PDT"]
[Termination "GMJustin won by resignation"]

1. e4 e5 2. Bc4 Nf6 3. d3 d5 4.
exd5 Nxd5 5. Nf3 Nc6 6. O-O Bc5 7. Re1 f6 8. d4 Bb6 9. dxe5 Nce7 10. exf6 Nxf6 11.
Qxd8+ Kxd8 12. Ng5 Ke8 13. Nc3 Bf5 14. Ne6 Bxe6 15.
Bxe6 Rd8 16. Na4 Ba5 17. c3 Rf8 18. b4 Bb6 19. Nxb6 axb6 20. c4 Ne4 21. f3 Nc3 22.
Bb2 Rd3 23. a4 g5 24. Ra3 Rd1 25. Bxc3 Rxe1+ 26. Bxe1 1-0

[Event "*** SCC Grand Prix: Titled Tuesday Blitz"]
[Site "Chess.com"]
[Date "2020.06.09"]
[Round "6"]
[White "Tesla37"]
[Black "PavelShkapenko"]
[Result "1-0"]
[WhiteElo "2915"]
[BlackElo "2677"]
[TimeControl "180+1"]
[EndTime "10:06:03 PDT"]
[Termination "Tesla37 won by resignation"]

1. e4 c5 2. Nf3 e6 3. Nc3 Nc6 4. d4 cxd4 5. Nxd4 Nf6 6. Ndb5 Bb4 7. a3 Bxc3+ 8. Nxc3 d5 9. exd5 exd5 10. Bd3 d4 11. Ne2 Bf5 12. O-O Bxd3 13. Qxd3 O-O 14. Bg5 h6 15. Bh4 Qd6 16. Rad1 Rad8 17. c3 Rfe8 18.
Nxd4 Nxd4 19. cxd4 Re6 20. Bg3 Qd5 21. f3 Nh5 22.
Bf2 Nf4 23. Qd2 Qg5 24. Bg3 Ne2+ 25. Kf2 Qb5 26. Qb4 Qxb4 27. axb4 Nxd4 28. Rd2 Ree8 29.
Rfd1 Nc6 30. b5 Rxd2+ 31. Rxd2 Na5 32. Rd7 Rc8 33. Be5 Nc4 34. Bd4 a6 35. b6 Na5 36.
Bc3 Nc4 37. Rxb7 Rc6 38. Bd4 Nxb2 39. Rc7 Rd6 40. b7 1-0

[Event "*** SCC Grand Prix: Titled Tuesday Blitz"]
[Site "Chess.com"]
[Date "2020.06.09"]
[Round "6"]
[White "bait_or_mate"]
[Black "2346PL"]
[Result "1-0"]
[WhiteElo "2594"]
[BlackElo "2415"]
[TimeControl "180+1"]
[EndTime "10:06:04 PDT"]
[Termination "bait_or_mate won by checkmate"]

1. d4 f5 2. Nc3 Nf6 3. Bg5 d5 4. Bxf6 exf6 5. e3 Be6 6. Bd3 g6 7. h4 h5 8. Nh3 Bf7 9. Nf4 Qd7 10. Qf3 Bb4 11. Ne2 Nc6 12. a3 Be7 13. Nf4 O-O-O 14. O-O-O a6 15. Kb1 Na5 16. Rhe1 b5 17. Na2 Nc4 18.
Bxc4 bxc4 19. Qe2 Qa4 20. Qd2 Kd7 21. Nc3 Qc6 22. f3 Rb8 23. Ka1 Qd6 24. Na4 Qc6 25. Nc5+ Kc8 26. Qa5 Bxc5 27. dxc5 Rd8 28. e4 fxe4 29.
fxe4 dxe4 30. Rxd8+ Kxd8 31. Qc3 Kc8 32. Qd4 f5 33.
Qg7 Be8 34. Rd1 Qxc5 35. Ne6 Qb5 36. Qxc7# 1-0

[Event "*** SCC Grand Prix: Titled Tuesday Blitz"]
[Site "Chess.com"]
[Date "2020.06.09"]
[Round "6"]
[White "SamuelGhimpu2003"]
[Black "OhanyanEminChess"]
[Result "1-0"]
[WhiteElo "2609"]
[BlackElo "2449"]
[TimeControl "180+1"]
[EndTime "10:06:05 PDT"]
[Termination "SamuelGhimpu2003 won by resignation"]

1. e4 e5 2. Nf3 Nc6 3. d4 exd4 4. Bc4 Nf6 5. O-O Nxe4 6. Nc3 Nxc3 7. bxc3 d5 8. Bb5 Be7 9. cxd4 O-O 10. Re1 Bf6 11. h3 Bd7 12. Rb1 Re8 13. Rxe8+ Bxe8 14. Bf4 a6 15.
Bd3 Nxd4 16. Nxd4 Bxd4 17. Bxh7+ Kxh7 18. Qxd4 Bc6 19. Re1 Qf6 20. Qxf6 gxf6 21. Re7 Re8 22. Rxf7+ Kg6 23. Rxc7 Re1+ 24. Kh2 Re2 25. Be3 Rxc2 26.
g4 Rc4 27. Kg3 d4 28. Bd2 Rc2 29. Bb4 d3 30. h4 f5 31. h5+ Kf6 32. h6 d2 33. h7 d1=Q 34. h8=Q+ Ke6 35. Re7+ Kd5 36. Qd8+ Kc4 37. Qxd1 1-0

[Event "*** SCC Grand Prix: Titled Tuesday Blitz"]
[Site "Chess.com"]
[Date "2020.06.09"]
[Round "6"]
[White "cukus"]
[Black "Anaj14"]
[Result "1-0"]
[WhiteElo "2459"]
[BlackElo "2283"]
[TimeControl "180+1"]
[EndTime "10:06:05 PDT"]
[Termination "cukus won on time"]

1. e4 d6 2. d4 g6 3. Nc3 Bg7 4. Be3 Nf6 5. f3 c6 6. Qd2 Qa5 7. O-O-O b5 8. Kb1 a6 9. h4 h5 10. Nh3 Bxh3 11. Rxh3 Nbd7 12. Bd3 Nb6 13. Rhh1 Nfd7 14.
g4 Nc4 15. Bxc4 bxc4 16. e5 dxe5 17. dxe5 Nxe5 18. gxh5 Rxh5 19. f4 Ng4 20. Qd7+ Kf8 21. Bd4 Nf6 22. Qxc6 Rb8 23. Rhe1 e6 24. Qd6+ Kg8 25.
Qxb8+ Kh7 26. Re5 Nd5 27. Rxh5+ gxh5 28. Bxg7 Kxg7 29. Nxd5 Qxd5 30. Rxd5 exd5 31. Qe5+ 1-0

[Event "*** SCC Grand Prix: Titled Tuesday Blitz"]
[Site "Chess.com"]
[Date "2020.06.09"]
[Round "6"]
[White "MiroVlasenko"]
[Black "m_ezat"]
[Result "1-0"]
[WhiteElo "2619"]
[BlackElo "2470"]
[TimeControl "180+1"]
[EndTime "10:06:06 PDT"]
[Termination "MiroVlasenko won on time"]

1. d4 Nf6 2. Bg5 c5 3. d5 Qb6 4. Nc3 Qxb2 5. Bd2 Qb6 6. e4 d6 7. f4 a6 8. Nf3 Bg4 9. e5 Nfd7 10. Rb1 Qc7 11. h3 Bxf3 12. Qxf3 dxe5 13. d6 Qc6 14. Rxb7 e4 15. Nxe4 exd6 16. Rxd7 Kxd7 17. Bc4 Kc8 18. Qd3 Ra7 19. O-O Re7 20. Bd5 Qb5 21. c4 Qb6 22. Rb1 Qc7 23. Rb7 Qxb7 24. Nxd6+ Kc7 25. Nxb7 Nc6 26. Bxc6 Kxc6 27. Qd5+ Kc7 28. Ba5+ Kb8 29. Nxc5 Re1+ 30. Bxe1 1-0

[Event "*** SCC Grand Prix: Titled Tuesday Blitz"]
[Site "Chess.com"]
[Date "2020.06.09"]
[Round "6"]
[White "DrBergerBerger"]
[Black "MF1966Idrisov"]
[Result "1-0"]
[WhiteElo "2434"]
[BlackElo "2272"]
[TimeControl "180+1"]
[EndTime "10:06:07 PDT"]
[Termination "DrBergerBerger won by checkmate"]

1. e4 c5 2. Nc3 Nc6 3. Nge2 g6 4. d4 cxd4 5. Nxd4 Bg7 6. Be3 Nf6 7. Bc4 O-O 8. Bb3 e6 9. f4 d5 10. e5 Nd7 11. O-O a6 12. Nce2 Qc7 13. c3 Nc5 14.
Bc2 Nxd4 15. cxd4 Nd7 16. Rc1 Qa5 17. Bb1 b5 18. Qd2 Qxd2 19. Bxd2 Nb6 20. b3 Bd7 21. Ba5 Rfb8 22. Rc7 Be8 23. Nc1 Bf8 24. Nd3 Nd7 25. g4 b4 26. Rc2 Rb5 27. Bc7 Rc8 28. Rfc1 a5 29. g5 Nb8 30. Nf2 Na6 31. Ng4 Be7 32. Bd6 Rxc2 33. Rxc2 Bxd6 34. Nf6+ Kf8 35. exd6 Nb8 36.
Rc8 Rb7 37. Rxe8+ Kg7 38. Rg8# 1-0

[Event "*** SCC Grand Prix: Titled Tuesday Blitz"]
[Site "Chess.com"]
[Date "2020.06.09"]
[Round "6"]
[White "Ladislav1969"]
[Black "FMalexhdez"]
[Result "1-0"]
[WhiteElo "2322"]
[BlackElo "2106"]
[TimeControl "180+1"]
[EndTime "10:06:07 PDT"]
[Termination "Ladislav1969 won by resignation"]

1. e4 c5 2. d4 cxd4 3. c3 d3 4. Bxd3 d6 5. c4 Nc6 6. Nc3 Nf6 7. f4 e6 8. Nf3 Be7 9. h3 O-O 10. Be3 a6 11. O-O b6 12. Rc1 Bb7 13. Bb1 Qc7 14. Nd5 exd5 15. cxd5 Qd7 16. dxc6 Bxc6 17. e5 Nd5 18.
Qc2 g6 19. Qxc6 Qxc6 20. Rxc6 Nxe3 21. Re1 Nf5 22. g4 Ng7 23. exd6 Bf6 24. Ne5 Rfd8 25. Rxb6 Ne6 26. Be4 Rac8 27. Bd5 Bxe5 28. fxe5 Nf4 29.
Bb3 Nxh3+ 30. Kh2 1-0

[Event "*** SCC Grand Prix: Titled Tuesday Blitz"]
[Site "Chess.com"]
[Date "2020.06.09"]
[Round "6"]
[White "Zavgorodniy_Serg"]
[Black "Alopekos"]
[Result "1/2-1/2"]
[WhiteElo "2647"]
[BlackElo "2498"]
[TimeControl "180+1"]
[EndTime "10:06:08 PDT"]
[Termination "Game drawn by repetition"]

1. e4 e5 2. Nf3 Nc6 3. Bb5 a6 4. Bxc6 dxc6 5. O-O Bg4 6. h3 h5 7. d3 Qf6 8. Be3 Bxf3 9. Qxf3 Qxf3 10. gxf3 Bd6 11.
Kh1 Ne7 12. Rg1 Ng6 13. Nc3 O-O-O 14. Rg5 Rh7 15. Rag1 Rg8 16. Ne2 Nh4 17. R5g3 Ng6 18. Rg5 Nh4 19. R5g3 Ng6 20. Rxg6 fxg6 21. Rxg6 Rf8 22. Kg2 Rf6 23. Rxf6 gxf6 24. Ng3 Kd7 25. h4 Ke6 26. Kf1 c5 27. c4 b5 28. b3 c6 29.
Nf5 a5 30. Ke2 a4 31. bxa4 bxc4 32. Bd2 Rb7 33. dxc4 Rb2 34. Ng7+ Kf7 35. Nxh5 Rxa2 36. Ng3 Bc7 37. Kd3 Ra3+ 38. Ke2 Ra2 39. Kd3 Ra3+ 40.
Ke2 Ra2 1/2-1/2

[Event "*** SCC Grand Prix: Titled Tuesday Blitz"]
[Site "Chess.com"]
[Date "2020.06.09"]
[Round "6"]
[White "Ceejay271"]
[Black "vaishali2001"]
[Result "0-1"]
[WhiteElo "2387"]
[BlackElo "2620"]
[TimeControl "180+1"]
[EndTime "10:06:10 PDT"]
[Termination "vaishali2001 won by checkmate"]

1. d4 Nf6 2. c4 c5 3. d5 b5 4.
cxb5 a6 5. bxa6 g6 6. Nc3 Bxa6 7. e4 Bxf1 8. Kxf1 d6 9. g3 Bg7 10. Kg2 Nbd7 11. Nf3 O-O 12. a4 Ra6 13. Qc2 Qa8 14. Ra3 e6 15. dxe6 fxe6 16. Re1 Ng4 17. Nb5 Qb7 18. h3 Nge5 19. Ng5 d5 20. f4 Nc4 21.
Rb3 Qc8 22. exd5 exd5 23. Ne6 Re8 24. Nbc7 Re7 25. Nxa6 Qxa6 26. f5 d4 27. Nc7 Qc6+ 28.
Kh2 Rxe1 29. Qxc4+ Kh8 30. Bf4 Qh1# 0-1

[Event "*** SCC Grand Prix: Titled Tuesday Blitz"]
[Site "Chess.com"]
[Date "2020.06.09"]
[Round "6"]
[White "KuzubovYuriy"]
[Black "GM_dmitrij"]
[Result "1-0"]
[WhiteElo "2765"]
[BlackElo "2952"]
[TimeControl "180+1"]
[EndTime "10:06:12 PDT"]
[Termination "KuzubovYuriy won by resignation"]

1. d4 Nf6 2. c4 e6 3. Nf3 b6 4. g3 Ba6 5. Qc2 Bb7 6. Bg2 c5 7. d5 exd5 8. cxd5 Nxd5 9. O-O Nc6 10. Rd1 Be7 11. Qa4 Nf6 12. e4 O-O 13. e5 Ne8 14. Nc3 Nc7 15. h4 f5 16. h5 Qe8 17. h6 g6 18. Nb5 Nxb5 19. Qxb5 Rd8 20. Bf4 Qf7 21. Ng5 Bxg5 22. Bd5 Bxf4 23. gxf4 Nd4 24. Bxf7+ Rxf7 25. Rxd4 cxd4 26. Qc4 d5 27. Qxd4 Rc7 28. e6 Re8 29. Re1 Rce7 30. Qf6 Bc8 31. Kh2 Bb7 32. b4 Ba6 33. a4 Bc4 34. b5 Bd3 35. Qd4 Bc4 36.
Qf6 Bb3 37. Rc1 Bc4 38. Rc3 Rb7 39. Re3 Rbe7 40. Qd4 Rf8 41. Kg3 Ba2 42. a5 bxa5 43.
Ra3 Bc4 44. Rxa5 Ra8 45. b6 a6 46. Rc5 Rb8 47. Rc7 Rbe8 48. Rxe7 Rxe7 49. Qf6 1-0

[Event "*** SCC Grand Prix: Titled Tuesday Blitz"]
[Site "Chess.com"]
[Date "2020.06.09"]
[Round "6"]
[White "Duhless"]
[Black "LyonBeast"]
[Result "0-1"]
[WhiteElo "3050"]
[BlackElo "2972"]
[TimeControl "180+1"]
[EndTime "10:06:13 PDT"]
[Termination "LyonBeast won by resignation"]

1. Nf3 c5 2. b3 b6 3. g3 Bb7 4. Bg2 e6 5. Bb2 Nf6 6. c4 Be7 7. O-O O-O 8. Nc3 d6 9. e3 Nbd7 10. Qe2 a6 11. d4 Ne4 12. Rfd1 Nxc3 13. Bxc3 Nf6 14. Bb2 Qc7 15. Rac1 Be4 16. d5 exd5 17. cxd5 Qb7 18. Nh4 Bxg2 19. Kxg2 g6 20. Nf3 Rfe8 21. h4 h5 22. Qc2 Nd7 23. Ng5 Bf6 24. e4 Re7 25.
Re1 Rae8 26. Re2 b5 27. Rce1 Bxb2 28. Qxb2 Ne5 29. Qc3 b4 30. Qc2 Qb5 31. f4 Ng4 32. e5 dxe5 33. f5 Qd7 34. fxg6 Qxd5+ 35. Kh3 f6 36.
Rd1 Qc6 37. Nf7 Rd7 38. Nh6+ Nxh6 0-1

[Event "*** SCC Grand Prix: Titled Tuesday Blitz"]
[Site "Chess.com"]
[Date "2020.06.09"]
[Round "6"]
[White "froylanajedrez"]
[Black "ENEASZ"]
[Result "0-1"]
[WhiteElo "2337"]
[BlackElo "2465"]
[TimeControl "180+1"]
[EndTime "10:06:13 PDT"]
[Termination "ENEASZ won by resignation"]

1. Nf3 g6 2. g3 Bg7 3. Bg2 c5 4. O-O Nc6 5. e4 d6 6. c3 e5 7.
Re1 Nge7 8. d3 O-O 9. Be3 h6 10. Qd2 Kh7 11. d4 exd4 12. cxd4 f5 13. Nc3 cxd4 14.
Nxd4 Ne5 15. exf5 Nxf5 16. b3 Nxe3 17. Rxe3 Ng4 18. Rf3 Rxf3 19. Bxf3 Qf6 20. Rd1 Ne5 21. Be2 Bh3 22. Ne4 Qf7 23. f4 Qd5 24. fxe5 Qxe4 25. Bf3 Qxe5 26. Ne2 Rf8 27. Nf4 Qc5+ 28. Kh1 Bf5 29. Qxd6 Qf2 30. Bg2 Re8 31. Qd2 Qxd2 32. Rxd2 Re1+ 33. Bf1 Rxf1+ 34. Kg2 Rc1 35. Re2 Rc2 36. Kf3 g5 37. Nh5 Rxe2 38. Kxe2 Bg4+ 0-1

[Event "*** SCC Grand Prix: Titled Tuesday Blitz"]
[Site "Chess.com"]
[Date "2020.06.09"]
[Round "6"]
[White "AcsinteMatei"]
[Black "AshotParvanyan"]
[Result "1-0"]
[WhiteElo "2329"]
[BlackElo "2431"]
[TimeControl "180+1"]
[EndTime "10:06:13 PDT"]
[Termination "AcsinteMatei won by resignation"]

1. d4 Nf6 2. Bf4 g6 3. Nc3 d5 4. e3 Bg7 5. Bd3 O-O 6. Nf3 c5 7. dxc5 Qa5 8. Qd2 Qxc5 9. O-O a6 10. e4 dxe4 11. Nxe4 Nxe4 12. Bxe4 Nc6 13. c3 Bg4 14. Be3 Qa5 15. Bh6 Rfd8 16. Qf4 Bxf3 17. Bxf3 Bxh6 18.
Qxh6 Ne5 19. Be4 Qb6 20. b3 Rac8 21. c4 Rd4 22. Qe3 Rcd8 23. Bd5 Nc6 24. Rad1 Rxd1 25. Qxb6 Rxf1+ 26. Kxf1 e6 27. Bxc6 1-0

[Event "*** SCC Grand Prix: Titled Tuesday Blitz"]
[Site "Chess.com"]
[Date "2020.06.09"]
[Round "6"]
[White "Karateloru"]
[Black "Sanan_Sjugirov"]
[Result "1/2-1/2"]
[WhiteElo "2629"]
[BlackElo "2778"]
[TimeControl "180+1"]
[EndTime "10:06:14 PDT"]
[Termination "Game drawn by repetition"]

1. e4 c5 2. Nf3 d6 3. Bb5+ Bd7 4. c4 Nf6 5. Nc3 g6 6. O-O Bg7 7. Bxd7+ Qxd7 8. d4 cxd4 9. Nxd4 O-O 10. f3 Nc6 11. Be3 a6 12. Rc1 Nxd4 13. Bxd4 b5 14. Nd5 Nxd5 15. cxd5 Rfc8 16. Bxg7 Kxg7 17. Qd4+ f6 18.
h3 Qd8 19. Qe3 Qa5 20. a3 b4 21. Kh2 bxa3 22. bxa3 Rcb8 23. Rc2 Rb7 24. Rfc1 Rab8 25. Rc3 Qd8 26. Qf4 Rb2 27. Qg4 Qb6 28. Rc7 Rb7 29. Rxb7 Qxb7 30. Qe6 Rxg2+ 31. Kxg2 Qb2+ 32. Kg3 Qxc1 33. Qxe7+ Kh6 34. Qxf6 Qg1+ 35. Kh4 Qf2+ 36. Kg4 Qg1+ 37. Kh4 Qf2+ 38. Kg4 Qg1+ 39. Kh4 1/2-1/2

[Event "*** SCC Grand Prix: Titled Tuesday Blitz"]
[Site "Chess.com"]
[Date "2020.06.09"]
[Round "6"]
[White "Arkady_Gitelson"]
[Black "Maghalashvili"]
[Result "1/2-1/2"]
[WhiteElo "2541"]
[BlackElo "2764"]
[TimeControl "180+1"]
[EndTime "10:06:14 PDT"]
[Termination "Game drawn by stalemate"]

1. e4 c5 2. b3 g6 3. Bb2 Nf6 4.
e5 Nd5 5. d4 Qa5+ 6. c3 cxd4 7.
Qxd4 Nc6 8. Qe4 f5 9. exf6 Nxf6 10. Qe3 Bg7 11. Nf3 O-O 12. Be2 d5 13. O-O e5 14.
c4 d4 15. Qd2 Qd8 16. Na3 Bf5 17. Rad1 Ne4 18. Qc1 Qa5 19. Bd3 Nb4 20. Bb1 Nc5 21. Bxf5 Rxf5 22. Qb1 Raf8 23. Nb5 Qxa2 24. Qxa2 Nxa2 25.
Nd6 Rxf3 26. gxf3 Nxb3 27. c5 Nxc5 28. Ra1 Nb4 29. Rxa7 Nc6 30. Ra2 Nb4 31. Ra7 Nbd3 32. Ba3 Rxf3 33. Nxb7 Bf8 34. Nxc5 Nxc5 35. Bxc5 Bxc5 36. Ra8+ Kg7 37. Kg2 e4 38. Rc8 Rf5 39. Re1 e3 40. fxe3 dxe3 41. Rxc5 Rxc5 42. Rxe3 Kh6 43.
Kg3 Rg5+ 44. Kh3 Kh5 45. Re7 h6 46. Re4 Rg1 47. Rh4+ Kg5 48. Rg4+ Rxg4 1/2-1/2

[Event "*** SCC Grand Prix: Titled Tuesday Blitz"]
[Site "Chess.com"]
[Date "2020.06.09"]
[Round "6"]
[White "csati17"]
[Black "aa175"]
[Result "1-0"]
[WhiteElo "2589"]
[BlackElo "2389"]
[TimeControl "180+1"]
[EndTime "10:06:14 PDT"]
[Termination "csati17 won on time"]

1. c4 Nf6 2. Nc3 d5 3. cxd5 Nxd5 4. g3 g6 5. Bg2 Nxc3 6. bxc3 Bg7 7. Nf3 O-O 8. O-O c5 9. Rb1 Nc6 10. Qa4 e5 11. d3 Bd7 12. Rxb7 Qc8 13. Rb1 e4 14. Qxe4 Re8 15. Qh4 Rxe2 16. Ng5 h6 17. Ne4 g5 18.
Bxg5 hxg5 19. Nxg5 Bf5 20. Bd5 Ne5 21. Qh5 Bg4 22.
Qh7+ Kf8 23. Rb7 Qf5 24. Qh4 Rd8 25. Ne6+ Qxe6 26. Qxd8+ Qe8 27. Qd6+ Kg8 28. Rb8 Bc8 29. Bb7 Nf3+ 30. Bxf3 Be5 31. Qxc5 1-0